 Dungeon Crawl Stone Soup version 0.30-a0-1075-gcd70e7a56d (webtiles) character file.

Game seed: 15648755304230025431

16 Adrian566 the Covered (level 2, 7/24 HPs)
             Began as a Demonspawn Fighter on Apr 14, 2023.
             Quit the game on level 1 of the Dungeon.
             The game lasted 00:00:33 (274 turns).

Adrian566 the Covered (Demonspawn Fighter)           Turns: 274, Time: 00:00:34

Health: 7/24       AC:  6    Str: 16    XL:     2   Next: 37%
Magic:  2/2        EV:  8    Int:  9    God:
Gold:   20         SH:  4    Dex: 12    Spells: 1/1 levels left

rFire   . . .      SeeInvis .    a - +0 long sword
rCold   . . .      Faith    .    c - +0 buckler
rNeg    . . .      Spirit   .    b - +0 scale mail
rPois   .          Reflect  .    (no helmet)
rElec   .          Rampage  .    (no cloak)
rCorr   .                        (no gloves)
Will    .....                    (no boots) Stlth
                                 (no amulet)
HPRegen 0.24/turn                (no ring)
MPRegen 0.08/turn                (no ring)

@: no status effects
A: claws 1
a: no special abilities


You were on level 1 of the Dungeon.
You visited 1 branch of the dungeon, and saw 1 of its levels.

You collected 20 gold pieces.

Inventory:

Hand Weapons
 a - a +0 long sword (weapon)
Armour
 b - a +0 scale mail (worn)
 c - a +0 buckler (worn)
Scrolls
 i - a scroll of fog {unknown}
Potions
 d - a potion of might
 e - a potion of ambrosia {unknown}
 f - a potion of heal wounds {unknown}
 g - a potion of attraction {unknown}
 h - a potion of magic {unknown}


   Skills:
 + Level 3.0 Fighting
 * Level 1.9 Long Blades
 + Level 3.1 Armour
 + Level 0.1 Dodging
 + Level 2.9 Shields


You had one spell level left.
You didn't know any spells.
Your spell library was empty.

Dungeon Overview and Level Annotations

Branches:
Dungeon (1/15)

Altars:


Innate Abilities, Weirdness & Mutations

You have sharp fingernails.


Message History

You are too injured to fight recklessly!
You are too injured to fight recklessly!
You are too injured to fight recklessly!
You are too injured to fight recklessly!
You barely miss the goblin. You block the goblin's attack.
The goblin barely misses you.
You barely miss the goblin. The goblin hits you with a +0 dagger.
The goblin barely misses you.
You hit the goblin.
The goblin is moderately wounded.
The goblin hits you but does no damage. You block the goblin's attack.
The goblin hits you but does no damage. The goblin barely misses you.
You barely miss the goblin.
The goblin is moderately wounded.
The goblin hits you but does no damage. The goblin hits you with a +0 club.
You barely miss the goblin.
The goblin is moderately wounded.
The goblin barely misses you. The goblin hits you but does no damage.
You hit the goblin.
The goblin is heavily wounded.
You block the goblin's attack. The goblin hits you with a +0 club. x2
* * * LOW HITPOINT WARNING * * *
You block the goblin's attack.
You hit the goblin.
The goblin is moderately wounded.
The goblin hits you but does no damage. You block the goblin's attack.
You hit the goblin.
You kill the goblin!
The goblin hits you with a +0 dagger.
* * * LOW HITPOINT WARNING * * *
The goblin closely misses you.
You see here a +0 club.
You slash the goblin!
You kill the goblin!
Things that are here:
a +0 dagger; a goblin corpse Sorry, you're not good enough to have a special ability.
Unknown command.
Unknown command.
Are you sure you want to abandon this character and quit the game? (Confirm with "yes".)

#..#.######..## #.# #.#
#..... #.# #.. .....#
#.# #.. ###
#######.####.. .. #
#..........#.# #.#.
#..........#.#
#...#####............#
###.....).)..........#..
.......@))††..#.†..#####
..............#....#
...>..........#....#
..............#....#
..............#....#
..............#....#
....###########....#
#### #....#


There were no monsters in sight!

Vanquished Creatures
  2 bats (D:1)
  4 goblins (D:1)
  A hobgoblin (D:1)
  2 jackals (D:1)
  A quokka (D:1)
  A frilled lizard (D:1)
  2 kobolds (D:1)
  A rat (D:1)
14 creatures vanquished.

Notes
Turn   | Place    | Note
-------+----------+-------------------------------------------
     0 | D:1      | Adrian566 the Demonspawn Fighter began the quest for the
                  | Orb.
     0 | D:1      | Reached XP level 1. HP: 18/18 MP: 1/1
   246 | D:1      | Discovered your monstrous ancestry.
   246 | D:1      | Gained mutation: You have sharp fingernails. [demonic
                  | ancestry]
   246 | D:1      | Reached XP level 2. HP: 24/24 MP: 2/2
   274 | D:1      | Quit the game

Illustrated notes

Levels and vault maps discovered:
D:1:      scummos_arrival_star, layout_basic, minmay_misc_feat_cross

Skill      XL: |  1 |
---------------+----+-----
Armour         | 3 |  3.1
Fighting       | |  3.0
Long Blades    | |  1.9
Dodging        | |  0.1
Shields        | |  2.9

Action                     || total
---------------------------++-------
  Melee: Long sword        ||    57
 Armour: Scale mail        ||    42
  Dodge: Dodged            ||    36
  Block: Buckler           ||    25

Table legend: (Time is in decaauts)
 A = Elapsed time spent in this place.
 B = Non-inter-level travel time spent in this place.
 C = Inter-level travel time spent in this place.
 D = Time resting spent in this place.
 E = Time spent auto-exploring this place.
 F = Levels seen in this place.
 G = Mean time per level.
                   A        B        C        D        E       F      G
               +--------+--------+--------+--------+--------+-----+--------+
         Total |    294 |    294 |      0 |      0 |    180 |   1 |  294.0 |
       Dungeon |    294 |    294 |      0 |      0 |    180 |   1 |  294.0 |
               +--------+--------+--------+--------+--------+-----+--------+

Top non-repeatable levels by time:
     D:1: 294 daAuts
